 Dungeon Crawl Stone Soup version 0.27-a0-1281-ge233d83751 (webtiles) character file.

Game seed: 2433109687612808503

53 deadmanwalking the Grasshopper (level 3, -1/18 HPs)
             Began as a Spriggan Warper on June 13, 2021.
             Slain by Ijyb (2 damage)
             ... on level 3 of the Dungeon.
             The game lasted 00:07:21 (2748 turns).

deadmanwalking the Grasshopper (Spriggan Warper)    Turns: 2748, Time: 00:07:21

Health: -1/18      AC:  2    Str:  7    XL:     3   Next: 64%
Magic:  8/8        EV: 17    Int: 15    God:
Gold:   71         SH:  0    Dex: 14    Spells: 2/8 levels left

rFire    . . .     SeeInvis +   a - +1 short sword
rCold    . . .     Faith    .   (shield restricted)
rNeg     . . .     Spirit   .   b - +0 robe
rPois    .         Reflect  .   (helmet restricted)
rElec    .         Harm     .   (no cloak)
rCorr    .         Rampage  .   (gloves unavailable)
Will     .....                  (boots unavailable)
Stlth    +.........             (no amulet)
HPRegen  0.06/turn              (no ring)
MPRegen  0.11/turn              (no ring)

@: very quick
A: very small, no large weapons, unfitting armour, see invisible, speed 3
a: no special abilities


You were on level 3 of the Dungeon.
You visited 1 branch of the dungeon, and saw 3 of its levels.

You collected 71 gold pieces.

Inventory:

Hand Weapons
 a - a +1 short sword (weapon)
Missiles
 c - 34 bolts
 e - 4 boomerangs of dispersal
 h - 36 stones (quivered)
 j - 13 sling bullets
Armour
 b - a +0 robe (worn)
Magical Staves
 g - a staff of death
Scrolls
 d - a scroll of blinking
 f - a scroll of holy word
 l - 2 scrolls of fear
Potions
 i - a potion of magic {unknown}
 k - a potion of mutation {unknown}
 m - a potion of curing {unknown}


   Skills:
 - Level 1.5 Fighting
 * Level 3.4 Short Blades
 - Level 1.0 Throwing
 - Level 3.2 Dodging
 + Level 3.4 Spellcasting
 + Level 0.3 Necromancy
 + Level 5.0 Translocations


You had 2 spell levels left.
You knew the following spells:

 Your Spells              Type           Power      Damage    Failure   Level
a - Blink                 Tloc           N/A        N/A       3%          2
b - Teleport Other        Tloc           17%        N/A       7%          3
c - Animate Skeleton      Necr           6%         N/A       17%         1

Your spell library contained the following spells:

 Spells                   Type           Power      Damage    Failure   Level
 Pain                     Necr           12%        1d4       17%         1
 Gell's Gravitas          Tloc           8%         N/A       7%          3
 Lesser Beckoning         Tloc           8%         N/A       7%          3
 Vampiric Draining        Necr           1%         2d6       45%         3
 Manifold Assault         Tloc           17%        N/A       54%         5
 Animate Dead             Necr           1%         N/A       86%         4
 Agony                    Necr           3%         N/A       99%         5


Dungeon Overview and Level Annotations

Branches:
Dungeon (3/15)

Altars:

Annotations:
D:3 Ijyb


Innate Abilities, Weirdness & Mutations

You are very small and have problems with some larger weapons.
You are too small for most types of armour.
You have supernaturally acute eyesight. (SInv)
You cover ground extremely quickly. (Speed+++)


Message History

Ijyb hits you with a +0 dagger.
You closely miss Ijyb.
Ijyb is lightly wounded.
Ijyb misses you.
You hit Ijyb but do no damage.
Ijyb is lightly wounded.
Ijyb hits you with a +0 dagger.
You are too injured to fight recklessly!
You are too injured to fight recklessly!
You are too injured to fight recklessly!
You are too injured to fight recklessly!
You are too injured to fight recklessly!
You hit Ijyb.
Ijyb is moderately wounded.
Ijyb hits you with a +0 dagger.
* * * LOW HITPOINT WARNING * * *
You closely miss Ijyb.
Ijyb is moderately wounded.
Ijyb hits you with a +0 dagger.
* * * LOW HITPOINT WARNING * * *
You hit Ijyb but do no damage.
Ijyb is moderately wounded.
You hit Ijyb.
Ijyb is moderately wounded.
Ijyb closely misses you.
You miss Ijyb.
Ijyb is moderately wounded.
Ijyb hits you with a +0 dagger.
* * * LOW HITPOINT WARNING * * *
You barely miss Ijyb.
Ijyb is moderately wounded.
Ijyb closely misses you.
You hit Ijyb but do no damage.
Ijyb is moderately wounded.
A bat comes into view.
Ijyb closely misses you.
You hit Ijyb but do no damage.
Ijyb is moderately wounded.
Ijyb hits you with a +0 dagger.
You die...

#.#.#
####.#.###
#........#
#........#
#........#
#........#
#........#
#........#
####@#.###
####g#.###
#........#
#...........
#b.......###
#........#
..###.....#
... .(....#
).. #.....#


You could see Ijyb and a bat.

Vanquished Creatures
  3 ball pythons
  3 endoplasms
  4 giant cockroaches
  6 goblins (D:1)
  A hobgoblin (D:1)
  5 jackals
  5 kobolds
  6 quokkas
  4 bats (D:1)
  5 frilled lizards
  3 rats
45 creatures vanquished.

Notes
Turn   | Place    | Note
-------+----------+-------------------------------------------
     0 | D:1      | deadmanwalking the Spriggan Warper began the quest for the
                  | Orb.
     0 | D:1      | Reached XP level 1. HP: 10/10 MP: 5/5
   301 | D:1      | Reached XP level 2. HP: 1/14 MP: 6/6
   632 | D:1      | Found a faded altar of an unknown god.
   691 | D:1      | Learned a level 2 spell: Blink
  1536 | D:1      | Reached XP level 3. HP: 18/18 MP: 8/8
  1540 | D:1      | Learned a level 3 spell: Teleport Other
  1913 | D:1      | Learned a level 1 spell: Animate Skeleton
  2026 | D:2      | Reached skill level 5 in Translocations
  2727 | D:3      | Noticed Ijyb
  2748 | D:3      | Slain by Ijyb

Illustrated notes

Levels and vault maps discovered:
D:1:      dpeg_arrival_chambers_temple_mockup, layout_loops_ring,
          ebering_ecumenical_altar_hall, minivault_24, corexii_leaking_fountain,
          minmay_hexomino_p4
D:2:      layout_rooms
D:3:      layout_basic, uniq_sigmund, uniq_ijyb

Skill      XL: |  1  2  3 |
---------------+----------+-----
Spellcasting   | 3 |  3.4
Short Blades   | 3 |  3.4
Translocations | 5 |  5.0
Fighting       | |  1.5
Throwing       | |  1.0
Dodging        | |  3.2
Necromancy     | |  0.3

Action                   || total
-------------------------++-------
Melee: Short sword       ||   218
Throw: Stone             ||    10
       Boomerang         ||     1
  Use: Scroll            ||     4
 Stab: Sleeping          ||     3
Armor: Robe              ||    16
Dodge: Dodged            ||   168

Table legend: (Time is in decaauts)
 A = Elapsed time spent in this place.
 B = Non-inter-level travel time spent in this place.
 C = Inter-level travel time spent in this place.
 D = Time resting spent in this place.
 E = Time spent auto-exploring this place.
 F = Levels seen in this place.
 G = Mean time per level.
                   A        B        C        D        E       F      G
               +--------+--------+--------+--------+--------+-----+--------+
         Total |   2298 |   2236 |     62 |      0 |   1792 |   3 |  766.0 |
       Dungeon |   2298 |   2236 |     62 |      0 |   1792 |   3 |  766.0 |
               +--------+--------+--------+--------+--------+-----+--------+

Top non-repeatable levels by time:
     D:1: 1694 daAuts
     D:2: 484 daAuts
     D:3: 119 daAuts
